 Dungeon Crawl Stone Soup version 0.22.1-6-g1668fe2 (webtiles) character file.

252 doot the Magician (level 5, 0/28 HPs)
             Began as a Deep Elf Fire Elementalist on Jan 24, 2019.
             Was an Initiate of Sif Muna.
             Hit by a goblin thrown by Robin (2 damage)
             ... on level 3 of the Dungeon.
             The game lasted 00:07:32 (3290 turns).

doot the Magician (Deep Elf Fire Elementalist)      Turns: 3290, Time: 00:07:34

Health: 0/28       AC:  3    Str:  5    XL:     5   Next: 89%
Magic:  10/15      EV: 13    Int: 21    God:    Sif Muna [......]
Gold:   178        SH:  0    Dex: 15    Spells: 4/15 levels left

rFire    . . .     SeeInvis .   q - +0 falchion
rCold    . . .     Gourm    .   (no shield)
rNeg     . . .     Faith    .   a - +0 robe
rPois    .         Spirit   .   o - +0 helmet
rElec    .         Reflect  .   (no cloak)
rCorr    .         Harm     .   (no gloves)
MR       .....                  (no boots)
Stlth    ++........             (no amulet)
HPRegen  0.09/turn              (no ring)
MPRegen  0.14/turn              (no ring)

@: very slightly contaminated
A: no striking features
a: Renounce Religion


You were on level 3 of the Dungeon.
You worshipped Sif Muna.
Sif Muna was noncommittal.
You were not hungry.

You visited 1 branch of the dungeon, and saw 3 of its levels.

You collected 178 gold pieces.

Inventory:

Hand Weapons
 j - a +0 blowgun
 n - a +0 short sword
 q - a +0 falchion (weapon)
Missiles
 p - 19 poisoned needles
Armour
 a - a +0 robe (worn)
 o - a +0 helmet (worn)
Jewellery
 m - an uncursed ring of magical power {unknown}
Scrolls
 b - a scroll of remove curse {unknown}
 d - 4 scrolls of teleportation {unknown}
 e - a scroll of noise {unknown}
 g - 2 scrolls of identify {unknown}
 l - a scroll of fear {unknown}
Potions
 f - a potion of might {unknown}
 h - 2 potions of heal wounds {unknown}
 i - a potion of berserk rage {unknown}
 k - a potion of degeneration {unknown}
 s - a potion of haste {unknown}
 t - a potion of flight {unknown}
Comestibles
 c - 6 rations
 r - 7 chunks of flesh


   Skills:
 + Level 0.1 Fighting
 + Level 3.0 Dodging
 + Level 3.0 Stealth
 + Level 5.6 Spellcasting
 + Level 2.5 Conjurations
 + Level 5.0 Fire Magic


You had 4 spell levels left.
You knew the following spells:

 Your Spells              Type           Power        Failure   Level  Hunger
a - Flame Tongue          Conj/Fire      ###..        2%          1    None
b - Sticky Flame          Conj/Fire      ###.....     22%         4    ####...
c - Conjure Flame         Conj/Fire      ###.....     6%          3    ##.....
d - Inner Flame           Hex/Fire       ###.....     11%         3    ##.....

Your spell library contained the following spells:

 Spells                   Type           Power        Failure   Level  Hunger
 Throw Flame              Conj/Fire      ###...       3%          2    None
 Fireball                 Conj/Fire      ###.......   52%         5    #####..


Dungeon Overview and Level Annotations

Branches:
Dungeon (3/15)

Altars:
Dithmenos
Sif Muna

Annotations:
D:3 Robin


Message History

You are very lightly contaminated with residual magic.
Fire whirls out from your hands!
A fire vortex comes into view.
The goblin hits you. The goblin hits you but does no damage.
Casting: Sticky Flame (slightly dangerous; 22% risk of failure)
Confirm with . or Enter, or press ? or * to list all spells.
Aiming: Flame Tongue (safe; 2% risk of failure)
Press: ? - help, Shift-Dir - straight line, f/p - goblin
Aim: a goblin (unusually strong)
The flame tongue hits the goblin.
You kill the goblin!
Sif Muna accepts your kill. The goblin barely misses you.
You closely miss the goblin. The fire vortex hits you.
The fire vortex burns you!
Ouch! That really hurt!
* * * LOW HITPOINT WARNING * * *
The fire vortex dissipates!
Robin throws the goblin at you!
You die... .........#.# #..# #####......# #gg# #....... #g.# #....... #gg# #####)..... #gg# #.......... #gg

....####.#. #g#
#.#.###.... #@#
#.# ...... #g# #.#
##....
#.######.######.#.
#.................
########.########.
#.########.
#..........
###########


You could see Robin, a hobgoblin and 9 goblins.

Vanquished Creatures
  A hound (D:3)
  An orc wizard (D:3)
  Jessica (D:2)
  7 adders
  2 oozes
  5 worms
  A dart slug (D:2)
  A leopard gecko (D:1)
  7 orcs
  7 bats
  5 giant cockroaches
  8 goblins
  6 hobgoblins
  3 jackals (D:2)
  2 quokkas
  A ball python (D:3)
  8 frilled lizards
  6 kobolds
  8 rats
80 creatures vanquished.

Vanquished Creatures (others)
  A fire vortex (D:3)
1 creature vanquished.

Grand Total: 81 creatures vanquished

Notes
Turn   | Place    | Note
-------+----------+-------------------------------------------
     0 | D:1      | doot the Deep Elf Fire Elementalist began the quest for the
                  | Orb.
     0 | D:1      | Reached XP level 1. HP: 10/10 MP: 6/6
   452 | D:1      | Reached XP level 2. HP: 15/15 MP: 6/8
  1311 | D:2      | You fall through a shaft!
  1317 | D:3      | Reached XP level 3. HP: 19/19 MP: 3/10
  1631 | D:2      | Found a shadowy altar of Dithmenos.
  1870 | D:2      | Reached XP level 4. HP: 24/24 MP: 5/11
  1876 | D:2      | Learned a level 4 spell: Sticky Flame
  2360 | D:2      | Noticed an ogre
  2401 | D:3      | Noticed Jessica
  2535 | D:2      | Killed Jessica
  2535 | D:2      | Reached skill level 5 in Fire Magic
  2535 | D:2      | Reached XP level 5. HP: 20/28 MP: 5/13
  2644 | D:2      | Learned a level 3 spell: Conjure Flame
  2648 | D:2      | Learned a level 3 spell: Inner Flame
  2730 | D:3      | Found a deep blue altar of Sif Muna.
  2733 | D:3      | Became a worshipper of Sif Muna the Loreminder
  2881 | D:3      | Reached skill level 5 in Spellcasting
  3284 | D:3      | Noticed Robin
  3290 | D:3      | Hit by a goblin thrown by Robin

Skill      XL: |  1  2  3  4  5 |
---------------+----------------+-----
Fire Magic     | 4 5 |  5.0
Spellcasting   | 4 5 |  5.6
Conjurations   | 2 |  2.5
Stealth        | 3 |  3.0
Dodging        | 3 |  3.0
Fighting       | |  0.1

Action                   |  1- 3 |  4- 6 || total
-------------------------+-------+-------++-------
Melee: Falchion          |       |     3 ||     3
 Cast: Flame Tongue      |    82 |    69 ||   151
       Sticky Flame      |       |     6 ||     6
  Eat: Chunk             |     3 |     5 ||     8
Armor: Robe              |     3 |     6 ||     9
Dodge: Dodged            |    25 |    26 ||    51
       Rpst.: Falchion   |       |     1 ||     1
